 Dungeon Crawl Stone Soup version 0.29-a0-350-g7790a0e70a (webtiles) character file.

Game seed: 11491019507968912922

364 HendSelp the Insei (level 6, -3/58 HPs)
             Began as an Octopode Transmuter on Apr 22, 2022.
             Slain by an orc
             ... wielding a +5 short sword of electrocution
              (17 damage)
             ... on level 4 of the Dungeon.
             The game lasted 00:03:26 (4764 turns).

HendSelp the Insei (Octopode Transmuter)            Turns: 4764, Time: 00:03:27

Health: -3/58      AC: 23    Str: 12    XL:     6   Next: 67%
Magic:  18/20      EV:  2    Int: 15    God:
Gold:   158        SH:  0    Dex: 12    Spells: 9/12 levels left

rFire   . . .      SeeInvis .     - Unarmed
rCold   . . .      Faith    .   (no shield)
rNeg    . . .      Spirit   .   (helmet currently unavailable)
rPois   +          Reflect  .   (no amulet)
rElec   .          Harm     .   k - ring of magical power
rCorr   .          Rampage  .   (no ring)
Will    .....      NoTele   +   (no ring)
Stlth   +.........              (no ring)
HPRegen 0.19/turn               (no ring)
MPRegen 0.17/turn               (no ring)
                                (no ring)
                                (no ring)

@: tree-form, wereblooded, very slightly contaminated
A: stationary, stasis, torment immunity, boosted hp, almost no armour,
(amphibious), 8 rings, (camouflage 1), (gelatinous body 1), (nimble swimmer 1),
(tentacles)
a: no special abilities


You were on level 4 of the Dungeon.
You were a tree.
You visited 2 branches of the dungeon, and saw 5 of its levels.

You collected 158 gold pieces.

Inventory:

Jewellery
 e - a ring of ice
 i - a ring of ice
 k - a ring of magical power (left branch)
Wands
 c - a wand of charming (9)
 f - a wand of iceblast (9)
Scrolls
 d - a scroll of teleportation
 l - a scroll of identify
Potions
 b - 4 potions of curing {unknown}
 g - 3 potions of degeneration {unknown}
 h - a potion of might {unknown}
 j - a potion of flight {unknown}


   Skills:
 * Level 2.1 Fighting
 * Level 3.1 Dodging
 * Level 4.8 Unarmed Combat
 * Level 3.5 Spellcasting
 * Level 3.2 Transmutations


You had 9 spell levels left.
You knew the following spells:

 Your Spells              Type           Power      Damage    Failure   Level
a - Beastly Appendage     Tmut           24%        N/A       4%          1
b - Wereblood             Tmut           12%        N/A       8%          2

Your spell library contained the following spells:

 Spells                   Type           Power      Damage    Failure   Level
 Animate Skeleton         Necr           4%         N/A       19%         1
 Apportation              Tloc           4%         N/A       19%         1
 Summon Small Mammal      Summ           8%         N/A       19%         1
 Corpse Rot               Necr/Air       4%         N/A       28%         2
 Poisonous Vapours        Pois/Air       4%         N/A       28%         2
 Spider Form              Tmut/Pois      7%         N/A       28%         3
 Confusing Touch          Hex            2%         N/A       50%         3
 Ice Form                 Ice/Tmut       7%         N/A       67%         4
 Yara's Violent Unravell  Hex/Tmut       3%         3d4       95%         5
 Enfeeble                 Hex            1%         N/A       100%        7


Dungeon Overview and Level Annotations

Branches:
Dungeon (4/15)             Temple (1/1) D:4

Altars:
Ashenzari
Cheibriados
Dithmenos
Elyvilon
Hepliaklqana
Makhleb
Okawaru
Qazlal
Ru
Sif Muna
Trog
Uskayaw
Vehumet
Wu Jian
Xom
Yredelemnul
The Shining One

Shops:
D:1 =   D:3 =


Innate Abilities, Weirdness & Mutations

You are a tree.
Your roots penetrate the ground, keeping you stationary.
You cannot be teleported.
You are immune to unholy pain and torment.
Your maximum health is greatly increased.
You cannot wear most types of armour.
((You are amphibious.))
You can wear up to eight rings at the same time.
((Your skin changes colour to match your surroundings (Stealth+).))
((Your rubbery body absorbs attacks. (AC +1, EV +1)))
((You are camouflaged when in or above water. (Stealth+)))
((You have tentacles for arms and can constrict up to eight enemies at once.))


Message History

The centaur shoots an arrow.
The arrow hits you.
You hear a shout!
You hear an angry hiss.
Unknown command.
The centaur shoots an arrow.
The arrow hits you!
The centaur shoots an arrow.
The arrow misses you.
Unknown command.
An endoplasm and a dart slug come into view.
Found a manual of Crossbows.
The centaur unwields a +0 shortbow.
The centaur misses you.
The centaur kicks you but does no damage.
An orc wizard comes into view. It is wielding a +0 dagger.
Unknown command.
You tentacle-slap the centaur but do no damage.
The centaur closely misses you. The centaur misses you.
Unknown command.
You tentacle-slap the centaur. You squeeze the centaur.
The centaur is heavily wounded.
The centaur hits you. The centaur closely misses you.
The orc closely misses you.
An endoplasm comes into view.
The orc wizard casts a spell at you. The magic dart hits you.
The centaur hits you.
* * * LOW HITPOINT WARNING * * *
The centaur barely misses you.
You are too injured to fight recklessly!
Unknown command.
You are too injured to fight recklessly!
Unknown command.
You are too injured to fight recklessly!
Unknown command.
Unknown command.
Press: ? - help, v - describe, . - travel, g - get item Item here: a manual of Crossbows.
The floor.
Unknown command.
You turn into a tree.
Your roots penetrate the ground.
The orc hits you with a +5 short sword of electrocution.
* * * LOW HITPOINT WARNING * * *
You are electrocuted!
You die...

≈...# #.# #.#####......#
....# #.# #.########....
##### ..# #.............
##########.###... #
#......# #.#.....
#.####.####.# #.#<#...
##......# #.# #.#.##..
#.......####.###...##..
#.####♣o..##........#..
#....Jc....##.......÷..>
..##w.##o#.###..........
.:## .#J.# ######.....
#.# # ..# #..... . ..#
#..).. ..# #..... .#
#..... #.....


You could see a centaur, an orc wizard, a dart slug, an orc and 2 endoplasms.

Vanquished Creatures
  An ogre (D:4)
  A scorpion (D:4)
  An orc priest (D:4)
  Ijyb (D:3)
  An iguana (D:4)
  An orc wizard (D:4)
  3 adders (D:2)
  A worm (D:3)
  3 dart slugs
  6 orcs (D:4)
  6 endoplasms
  4 giant cockroaches
  3 goblins
  8 hobgoblins
  2 jackals (D:1)
  A quokka (D:1)
  9 ball pythons
  5 bats
  4 frilled lizards
  6 kobolds
  6 rats
73 creatures vanquished.

Notes
Turn   | Place    | Note
-------+----------+-------------------------------------------
     0 | D:1      | HendSelp the Octopode Transmuter began the quest for the
                  | Orb.
     0 | D:1      | Reached XP level 1. HP: 13/13 MP: 3/3
   360 | D:1      | Reached XP level 2. HP: 15/18 MP: 3/5
   642 | D:1      | Found a faded altar of an unknown god.
   670 | D:1      | Learned a level 2 spell: Wereblood
   838 | D:1      | Reached XP level 3. HP: 23/23 MP: 4/6
  1017 | D:1      | Found Kifias's Jewellery Boutique.
  1923 | D:2      | Reached XP level 4. HP: 24/28 MP: 5/7
  2571 | D:2      | Reached skill level 4 in Unarmed Combat
  2780 | D:3      | Found an ornate altar of the Wu Jian Council.
  2834 | D:3      | Noticed Ijyb
  2847 | D:3      | Killed Ijyb
  2848 | D:3      | Reached XP level 5. HP: 20/33 MP: 9/9
  3054 | D:3      | Found Vuemieh's Jewellery Shoppe.
  3096 | D:3      | Found a burning altar of Makhleb.
  3170 | D:3      | Found a snail-covered altar of Cheibriados.
  3289 | D:4      | Found a white marble altar of Elyvilon.
  3550 | D:4      | Noticed an ogre
  3554 | D:4      | Found a staircase to the Ecumenical Temple.
  3559 | D:4      | Killed an ogre
  3560 | D:4      | Reached XP level 6. HP: 10/39 MP: 10/10
  3815 | Temple   | Entered the Ecumenical Temple
  4396 | D:4      | Noticed a +0 hand axe
  4396 | D:4      | Noticed a +0 dagger
  4397 | D:4      | Found a hide-covered altar of Uskayaw.
  4764 | D:4      | Slain by an orc

Illustrated notes

Levels and vault maps discovered:
D:1:      scummos_arrival_simple_fountains, layout_loops_cross, serial_shops,
          nicolae_shop_behind_doors, ebering_ecumenical_altar_sacrificial
D:2:      minmay_door_path, layout_loops_ring
D:3:      layout_rooms, mainiacjoe_overflow_paths, mainiacjoe_overflow_catwalk,
          slow_altar_2, serial_shops, nicolae_shop_trees, uniq_ijyb
D:4:      layout_basic, dancing_weapons_uskayaw,
          gammafunk_temple_overflow_statue, elyvilon_altar_4,
          minmay_temple_entry_mist, chequers_jeans, minmay_manual_mess
Temple:   minmay_temple_forest_path

Skill      XL: |  1  2  3  4  5  6 |
---------------+-------------------+-----
Unarmed Combat | 4 |  4.8
Spellcasting   | 3 |  3.5
Transmutations | 3 |  3.2
Fighting       | 2 |  2.1
Dodging        | 3 |  3.1

Action                   |  1- 3 |  4- 6 || total
-------------------------+-------+-------++-------
Melee: Unarmed           |    85 |    81 ||   166
       Tentacles         |    18 |    20 ||    38
       Constrict         |    24 |    16 ||    40
       Kick              |    13 |       ||    13
       Punch             |     1 |     2 ||     3
 Cast: Beastly Appendage |    14 |       ||    14
       Wereblood         |     8 |    14 ||    22
Evoke: Wand              |       |     2 ||     2
  Use: Scroll            |     3 |     3 ||     6
       Potion            |       |     3 ||     3
 Stab: Sleeping          |     5 |       ||     5
Armor: Skin              |    13 |     9 ||    22
Dodge: Dodged            |    68 |    57 ||   125

Table legend: (Time is in decaauts)
 A = Elapsed time spent in this place.
 B = Non-inter-level travel time spent in this place.
 C = Inter-level travel time spent in this place.
 D = Time resting spent in this place.
 E = Time spent auto-exploring this place.
 F = Levels seen in this place.
 G = Mean time per level.
                   A        B        C        D        E       F      G
               +--------+--------+--------+--------+--------+-----+--------+
         Total |   4750 |   4649 |    101 |    541 |   3647 |   5 |  950.0 |
       Dungeon |   4364 |   4305 |     59 |    541 |   3314 |   4 | 1091.0 |
        Temple |    385 |    344 |     41 |      0 |    333 |   1 |  385.0 |
               +--------+--------+--------+--------+--------+-----+--------+

Top non-repeatable levels by time:
     D:1: 1427 daAuts
     D:2: 1273 daAuts
     D:4: 1086 daAuts
     D:3: 577 daAuts
  Temple: 385 daAuts
